 Dungeon Crawl Stone Soup version 0.25-a0-592-g443c2f7 (webtiles) character file.

Game seed: 12064673857641497472, levelgen mode: deterministic

1843 Trolling the Basher (level 8, -3/83 HPs)
             Began as a Troll Gladiator on Mar 14, 2020.
             Slain by a troll (8 damage)
             ... on level 7 of the Dungeon.
             The game lasted 00:16:47 (6324 turns).

Trolling the Basher (Troll Gladiator)               Turns: 6324, Time: 00:16:48

Health: -3/83      AC: 12    Str: 25    XL:     8   Next: 88%
Magic:  7/7        EV: 10    Int:  4    God:
Gold:   188        SH:  0    Dex: 11    Spells: 7/7 levels left

rFire    . . .     SeeInvis .   a - +1 flail
rCold    . . .     Gourm    +   (no shield)
rNeg     + . .     Faith    .   n - +1 robe {rN+}
rPois    .         Spirit   .   c - +0 hat
rElec    .         Reflect  .   (no cloak)
rCorr    .         Harm     .   (gloves unavailable)
MR       .....                  (boots unavailable)
Stlth    +.........             (no amulet)
HPRegen  0.63/turn              h - +3 ring of protection
MPRegen  0.10/turn              j - +2 ring of protection

@: hasted, very quick
A: large, unfitting armour, claws 3, fast metabolism 3, gourmand, regeneration
1, shaggy fur 1, tough skin 3
a: no special abilities


You were on level 7 of the Dungeon.
You were not hungry.

You visited 1 branch of the dungeon, and saw 7 of its levels.
You also visited: Sewer.

You collected 298 gold pieces.
You spent 110 gold pieces at shops.

Inventory:

Hand Weapons
 a - a +1 flail (weapon)
 r - a +1 giant spiked club
Missiles
 d - 3 throwing nets
 g - 4 large rocks
 l - 30 poisoned darts (quivered)
Armour
 c - a +0 hat (worn)
 n - a +1 robe of positive energy (worn)
Jewellery
 h - a +3 ring of protection (left claw)
 j - a +2 ring of protection (right claw)
Wands
 b - a wand of flame (12)
Scrolls
 e - a scroll of silence
 k - a scroll of enchant weapon
 q - 2 scrolls of immolation
 s - a scroll of magic mapping
 t - 2 scrolls of blinking
 x - 3 scrolls of remove curse
 y - a scroll of teleportation
 A - a scroll of fog {unknown}
Potions
 i - 2 potions of curing {unknown}
 m - 3 potions of heal wounds
 o - a potion of mutation
 u - 2 potions of berserk rage {unknown}
 v - 3 potions of might {unknown}
 w - a potion of magic {unknown}
 z - 2 potions of lignification {unknown}
Comestibles
 f - 14 rations


   Skills:
 + Level 5.7 Fighting
 * Level 9.1 Maces & Flails
 - Level 1.7 Throwing
 - Level 2.4 Dodging


You had 7 spell levels left.
You didn't know any spells.
Your spell library contained the following spells:

 Spells                   Type           Power        Failure   Level  Hunger
 Beastly Appendage        Tmut           #.....       50%         1    ##.....
 Magic Dart               Conj           #...         50%         1    ##.....
 Searing Ray              Conj           #.....       65%         2    ###....
 Sticks to Snakes         Tmut           #.......     65%         2    ###....
 Dazzling Flash           Conj/Hex       #.....       86%         3    ####...
 Spider Form              Tmut/Pois      #.........   86%         3    ####...
 Fulminant Prism          Conj/Hex       #.........   99%         4    #####..
 Ice Form                 Ice/Tmut       #.......     99%         4    #####..
 Iskenderun's Mystic Bla  Conj/Tloc      #.......     99%         4    #####..
 Blade Hands              Tmut           #.........   100%        5    ######.


Dungeon Overview and Level Annotations

Branches:
Dungeon (7/15)              Sewer (visited)
 Temple: D:4-7

Altars:
Dithmenos
Fedhas
Gozag
Kikubaaqudgha
Sif Muna
Vehumet
Xom

Shops:
D:6 ?


Innate Abilities, Weirdness & Mutations

You are too large for most types of armour.
You have claws for hands.
Your metabolism is lightning-fast.
You like to eat raw meat.
Your natural rate of healing is unusually fast.
You are covered in fur. (AC +1)
You have extremely tough skin. (AC +3)


Message History

* * * LOW HITPOINT WARNING * * *
The troll claws you but does no damage. The troll claws you!
* * * LOW HITPOINT WARNING * * *
You feel much better.
You hit the troll but do no damage.
The troll is severely wounded.
The troll closely misses you. x2; The troll claws you but does no damage.
You hit the troll.
The troll is severely wounded.
The troll bites you!
* * * LOW HITPOINT WARNING * * *
The troll claws you but does no damage. x2
You thump the troll!
The troll is almost dead.
You barely miss the troll.
The troll is almost dead.
The troll bites you!
* * * LOW HITPOINT WARNING * * *
The troll claws you!
You die...

.....#.#.#.#.#
#..........#
#.#.#.#.#.# #.........#
.#####.#.#.#.#.#
...............#
######.#.#.#.#.#
..............#########
.######.###..hT@.......
#........##########.#
#........# #........#
##........# #.........#
#.........# #.#########
#.#


You could see a troll and a hound.

Vanquished Creatures
  Grinder (D:3)
  Prince Ribbit (D:6)
  Sigmund (D:3)
  Purgy (Sewer)
  A water moccasin (D:6)
  A phantom (D:5)
  An ogre (D:4)
  A bullfrog (D:6)
  A howler monkey (D:5)
  3 crimson imps
  A quasit (D:6)
  4 hounds
  A bullfrog skeleton (D:6)
  Jessica (D:2)
  An iguana (D:4)
  6 orc wizards (D:6)
  4 worker ants
  A hound zombie (D:6)
  Robin (D:4)
  9 adders
  2 worms
  A dart slug (D:1)
  5 leopard geckos
  8 orcs
  3 ball pythons (D:3)
  10 bats
  9 giant cockroaches
  19 goblins
  9 hobgoblins
  3 jackals (D:3)
  4 quokkas
  A ball python zombie (D:2)
  12 frilled lizards
  7 kobolds
  11 rats
145 creatures vanquished.

Notes
Turn   | Place    | Note
-------+----------+-------------------------------------------
     0 | D:1      | Trolling the Troll Gladiator began the quest for the Orb.
     0 | D:1      | Reached XP level 1. HP: 19/19 MP: 0/0
    54 | D:1      | Reached skill level 3 in Maces & Flails
    77 | D:1      | Reached XP level 2. HP: 26/28 MP: 1/1
   756 | D:1      | Reached XP level 3. HP: 32/35 MP: 2/2
   942 | D:2      | Noticed Jessica
   948 | D:2      | Killed Jessica
  1213 | D:2      | Reached skill level 4 in Maces & Flails
  1213 | D:2      | Reached XP level 4. HP: 33/44 MP: 3/3
  1569 | D:2      | Found a shadowy altar of Dithmenos.
  2116 | D:3      | Reached XP level 5. HP: 50/50 MP: 4/4
  2133 | D:3      | Found a glowing drain.
  2180 | Sewer    | Entered a sewer
  2261 | Sewer    | Noticed Purgy
  2279 | Sewer    | Killed Purgy
  2279 | Sewer    | Reached skill level 5 in Maces & Flails
  2279 | Sewer    | Reached XP level 6. HP: 28/61 MP: 5/5
  2483 | D:3      | Found a blossoming altar of Fedhas.
  2539 | D:3      | Noticed Sigmund
  2548 | D:3      | Killed Sigmund
  2572 | D:3      | Reached skill level 6 in Maces & Flails
  2927 | D:3      | Noticed Grinder
  2933 | D:3      | Killed Grinder
  2933 | D:3      | Reached XP level 7. HP: 60/70 MP: 6/6
  3330 | D:4      | Noticed Robin
  3444 | D:4      | Killed Robin
  3673 | D:4      | Reached skill level 7 in Maces & Flails
  4090 | D:5      | Entered Level 5 of the Dungeon
  4322 | D:5      | Reached XP level 8. HP: 41/79 MP: 7/7
  4688 | D:5      | Found an ancient bone altar of Kikubaaqudgha.
  5086 | D:6      | Reached skill level 5 in Fighting
  5086 | D:6      | Reached skill level 8 in Maces & Flails
  5291 | D:6      | Found a shimmering altar of Xom.
  5293 | D:6      | Found a shimmering altar of Xom.
  5293 | D:6      | Found a shimmering altar of Xom.
  5294 | D:6      | Found a shimmering altar of Xom.
  5295 | D:6      | Found a shimmering altar of Xom.
  5296 | D:6      | Found a shimmering altar of Xom.
  5305 | D:6      | Found Vusul's Magic Scroll Shop.
  5311 | D:6      | Bought a scroll of identify for 26 gold pieces
  5311 | D:6      | Bought a scroll of teleportation for 39 gold pieces
  5311 | D:6      | Bought a scroll of immolation for 45 gold pieces
  5388 | D:6      | Found an opulent altar of Gozag.
  5464 | D:6      | Found a shimmering blue altar of Sif Muna.
  5491 | D:6      | Found an ancient bone altar of Kikubaaqudgha.
  5500 | D:6      | Found a radiant altar of Vehumet.
  5526 | D:6      | Identified Vehumet's Guide on Confrontation
  6072 | D:7      | Noticed a troll
  6074 | D:7      | Noticed Prince Ribbit
  6105 | D:6      | Killed Prince Ribbit
  6105 | D:6      | Reached skill level 9 in Maces & Flails
  6324 | D:7      | Slain by a troll

Levels and vault maps discovered:
D:1:      saegor_arrival_simple_d, layout_basic, interstate_on_off,
          minmay_pentomino_w2
D:2:      layout_loops_ring, hangedman_glass_teeth,
          nicolae_dithmenos_through_a_glass_darkly, uniq_jessica
D:3:      layout_basic, fedhas_ov_isle_minmay, portal_sewer_entry_a,
          item_on_display_a, uniq_sigmund, uniq_grinder
D:4:      layout_gridville, first_ration, uniq_robin
D:5:      layout_loops_ring, basic_altar
D:6:      layout_gridville, palyth_temple_overflow_mages,
          overflow_temple_1_default, serial_shops, shop_statue,
          chequers_serial_rivers_micro_c, xom_redecorated
D:7:      layout_basic, kennysheep_mini_moat, makhleb_grotto_becter,
          minmay_temple_entry_trees, serial_glass, glass_columns_a,
          glass_columns_c, glass_columns_a, glass_columns_c, glass_columns_c,
          glass_columns_c, glass_columns_c, glass_columns_b, glass_columns_a,
          glass_columns_a, serial_shops, shop, uniq_prince_ribbit1, uniq_pikel

Skill      XL: |  1  2  3  4  5  6  7  8 |
---------------+-------------------------+-----
Maces & Flails | 3 4 5 6 7 9 |  9.1
Fighting       | 2 3 4 5 |  5.7
Throwing       | |  1.7
Dodging        | |  2.4

Action                   |  1- 3 |  4- 6 |  7- 9 || total
-------------------------+-------+-------+-------++-------
Melee: Flail             |   110 |   184 |   283 ||   577
Throw: Dart              |     3 |       |     2 ||     5
  Use: Scroll            |     5 |     1 |    11 ||    17
       Potion            |       |     2 |     2 ||     4
 Stab: Sleeping          |       |     3 |       ||     3
       Invisible         |       |     3 |       ||     3
  Eat: Chunk             |    17 |    16 |    19 ||    52
       Ration            |       |       |     2 ||     2
Armor: Robe              |    54 |   136 |   181 ||   371
Dodge: Dodged            |    67 |   127 |   194 ||   388

Table legend:
 A = Non-vault XP
 B = Vault XP
 C = Vault XP percentage of total XP
 D = Non-vault monster count
 E = Vault monster count
 F = Vault count percentage of total count
                 A         B        C        D         E       F
            +---------+---------+-------+---------+---------+-------
      Total |    1378 |    1256 |  47.7 |     110 |      35 |  24.1
            +---------+---------+-------+---------+---------+-------
        D:1 |      40 |       1 |   2.4 |      24 |       1 |   4.0
        D:2 |      83 |      37 |  30.8 |      23 |       1 |   4.2
        D:3 |      73 |     545 |  88.2 |      30 |       9 |  23.1
        D:4 |     315 |      35 |  10.0 |      11 |      11 |  50.0
        D:5 |     330 |       0 |   0.0 |       6 |       0 |   0.0
        D:6 |     537 |     486 |  47.5 |      16 |       7 |  30.4
      Sewer |       0 |     152 | 100.0 |       0 |       6 | 100.0
            +---------+---------+-------+---------+---------+-------
